 Dungeon Crawl Stone Soup version 0.31-a0-618-g7ca08c1ff9 (webtiles) character file.

Game seed: 1299582315046039393

569 CowFu the Cleaver (level 7, -5/57 HPs)
             Began as a Hill Orc Fighter on Aug 23, 2023.
             Slain by a gnoll
             ... wielding a +0 halberd
              (8 damage)
             ... on level 4 of the Dungeon.
             The game lasted 00:03:41 (2400 turns).

CowFu the Cleaver (Hill Orc Fighter)                Turns: 2400, Time: 00:03:41

Health: -5/57      AC: 10    Str: 21    XL:     7   Next: 33%
Magic:  7/7        EV:  8    Int:  8    God:
Gold:   156        SH:  4    Dex: 10    Spells: 6/6 levels left

rFire   . . .        a - +0 war axe
rCold   . . .        c - +0 buckler
rNeg    . . .        q - +0 chain mail
rPois   .            (no helmet)
rElec   .            g - +0 cloak
rCorr   .            (no gloves)
SInv    .            (no boots)
Will    .....        (no amulet) Stlth
                     i - ring of flight
HPRegen 0.29/turn    (no ring)
MPRegen 0.10/turn

%: no passive effects
@: mighty, flying
A: no striking features
a: no special abilities


You were on level 4 of the Dungeon.
You visited 1 branch of the dungeon, and saw 6 of its levels.

You collected 156 gold pieces.

Inventory:

Hand Weapons
 a - a +0 war axe (weapon)
Armour
 b - a scarf of invisibility
 c - a +0 buckler (worn)
 g - a +0 cloak (worn)
 q - a +0 chain mail (worn)
Jewellery
 i - a ring of flight (left hand)
Talismans
 h - a flux talisman
Wands
 k - a wand of iceblast (5)
 l - a wand of flame (39)
Scrolls
 d - 2 scrolls of amnesia {unknown}
 j - a scroll of identify {unknown}
 n - a scroll of butterflies {unknown}
 p - a scroll of enchant weapon {unknown}
 r - a scroll of fear {unknown}
Potions
 f - a potion of brilliance {unknown}
 m - a potion of enlightenment {unknown}


   Skills:
 - Level 3.6 Fighting
 + Level 9.4 Axes
 + Level 4.8 Armour
 - Level 3.2 Shields


You had 6 spell levels left.
You didn't know any spells.
Your spell library was empty.

Dungeon Overview and Level Annotations

Branches:
Dungeon (6/15)
 Temple: D:4-7

Altars:
Ru
Trog
Vehumet

Shops:
D:1 :


Message History

The gnoll barely misses you.
The gnoll hits you from afar with a +0 spear.
Found a lumpy grey potion.
Something hits you but does no damage. The gnoll hits you with a +0 halberd!
The gnoll closely misses you.
Things that are here:
a +0 club; a gnoll corpse You are too injured to fight recklessly!
You are too injured to fight recklessly!
You are too injured to fight recklessly!
You are too injured to fight recklessly!
You are too injured to fight recklessly!
You are too injured to fight recklessly!
You are too injured to fight recklessly!
You are too injured to fight recklessly!
You are too injured to fight recklessly!
You are too injured to fight recklessly!
You are too injured to fight recklessly!
You are too injured to fight recklessly!
You are too injured to fight recklessly!
You are too injured to fight recklessly!
You are too injured to fight recklessly!
You are too injured to fight recklessly!
You are too injured to fight recklessly!
You are too injured to fight recklessly!
You are too injured to fight recklessly!
You slice the gnoll!!
You kill the gnoll!
You miss something. You closely miss the gnoll.
Something hits you but does no damage. The gnoll hits you but does no damage.
You hear some strange, mumbled words.
A puff of flame appears from out of thin air!
The puff of flame hits you!
* * * LOW HITPOINT WARNING * * *
You feel very mighty all of a sudden. The gnoll hits you with a +0 halberd!
* * * LOW HITPOINT WARNING * * *
Something hits you but does no damage.
It was a potion of magic.
Magic courses through your body. The gnoll hits you with a +0 halberd!
You die...

##.#............## ##
.##...........##...## #.
..............##....###.
#...$#...............##.
..................).#...
.......................P
..........?..........P..
......).)............♣P♣
...#.<)@{............##.
##.g.)....#..#.......
#....###.#.##.......
....#.# ....#.......
.....~.♣ ......#.....
.!....~~.. )... #....
#.##.~~ .. ....# ##....
.. #.~~ ..# ....##)....
###...#.....


You could see a gnoll.

Vanquished Creatures
  A water moccasin (D:5)
  A scorpion (D:3)
  A jelly (D:6)
  A quasit (D:4)
  Natasha (thrice) (D:2)
  An orc wizard (D:4)
  Robin (D:2)
  2 gnolls (D:4)
  6 adders
  3 shadow imps (D:4)
  4 white imps (D:4)
  2 dart slugs (D:2)
  4 worms
  7 orcs
  11 endoplasms
  4 giant cockroaches
  6 hobgoblins
  2 jackals (D:2)
  3 quokkas
  5 ball pythons
  4 bats
  A frilled lizard (D:2)
  16 goblins
  6 kobolds
  5 rats
100 creatures vanquished.

Notes
Turn   | Place    | Note
-------+----------+-------------------------------------------
     0 | D:1      | CowFu the Hill Orc Fighter began the quest for the Orb.
     0 | D:1      | Reached XP level 1. HP: 19/19 MP: 1/1
    33 | D:1      | Reached skill level 3 in Axes
   141 | D:1      | Reached XP level 2. HP: 26/26 MP: 2/2
   210 | D:1      | Reached skill level 4 in Axes
   408 | D:1      | Found Zuoneh's Book Emporium.
   489 | D:1      | Reached XP level 3. HP: 26/31 MP: 3/3
   855 | D:2      | Reached skill level 5 in Axes
   897 | D:2      | Noticed Natasha
   906 | D:2      | Killed Natasha
   907 | D:2      | Reached XP level 4. HP: 32/39 MP: 4/4
   971 | D:2      | Noticed Natasha
   973 | D:2      | Killed Natasha
   974 | D:2      | Reached skill level 6 in Axes
  1028 | D:2      | Noticed Robin
  1042 | D:2      | Killed Robin
  1046 | D:2      | Reached XP level 5. HP: 39/45 MP: 5/5
  1371 | D:2      | Noticed Natasha
  1377 | D:2      | Killed Natasha
  1378 | D:2      | Reached skill level 7 in Axes
  1543 | D:3      | Found a radiant altar of Vehumet.
  1543 | D:3      | Found a sacrificial altar of Ru.
  1544 | D:3      | Found a bloodstained altar of Trog.
  1618 | D:3      | Reached skill level 8 in Axes
  1618 | D:3      | Reached XP level 6. HP: 51/51 MP: 6/6
  1640 | D:3      | Found a faded altar of an unknown god.
  1884 | D:3      | You are sucked into a shaft and drop 3 floors!
  2024 | D:5      | Entered Level 5 of the Dungeon
  2114 | D:5      | Noticed a water moccasin
  2122 | D:5      | Killed a water moccasin
  2255 | D:4      | Reached skill level 9 in Axes
  2255 | D:4      | Reached XP level 7. HP: 49/57 MP: 7/7
  2400 | D:4      | Slain by a gnoll

Illustrated notes

Levels and vault maps discovered:
D:1:      psy_arrival_terrarium, layout_loops_ring, serial_shops,
          nicolae_shop_behind_doors
D:2:      layout_basic, uniq_natasha, uniq_robin
D:3:      layout_basic, grunt_temple_overflow_open,
          shapermc_ecumenical_altar_totnotflames, serial_shops, shop,
          minivault_11
D:4:      layout_cave_pools, serial_demonic, serial_demonic_b, serial_demonic_e,
          serial_demonic_c, serial_demonic_a, serial_demonic_a,
          serial_demonic_e, serial_demonic_f, serial_demonic_f, uniq_menkaure,
          uniq_pikel
D:5:      layout_layer_cave, mainiacjoe_overflow_alcove_1,
          nicolae_qazlal_style_of_elements, minmay_temple_entry_gardened_gates,
          ebering_ghost_disaster_area, uniq_crazy_yiuf_cottage
D:6:      layout_loops_ring, riverfiend_overflow_shadow_ancestor, serial_undead,
          serial_undead_e, serial_undead_b, serial_undead_c, serial_undead_b,
          serial_undead_d, serial_undead_b

Skill      XL: |  1  2  3  4  5  6 |
---------------+-------------------+-----
Axes           | 3 4 5 6 8 9 |  9.4
Armour         | 4 |  4.8
Fighting       | |  3.6
Shields        | |  3.2

Action                     |  1- 3 |  4- 6 |  7- 9 || total
---------------------------+-------+-------+-------++-------
  Melee: War axe           |    87 |   127 |    44 ||   258
    Use: Potion            |     1 |       |     2 ||     3
 Armour: Scale mail        |    45 |    50 |       ||    95
         Chain mail        |       |    15 |    36 ||    51
  Dodge: Dodged            |    45 |    37 |    28 ||   110
  Block: Buckler           |    17 |    26 |    18 ||    61

Table legend: (Time is in decaauts)
 A = Elapsed time spent in this place.
 B = Non-inter-level travel time spent in this place.
 C = Inter-level travel time spent in this place.
 D = Time resting spent in this place.
 E = Time spent auto-exploring this place.
 F = Levels seen in this place.
 G = Mean time per level.
                   A        B        C        D        E       F      G
               +--------+--------+--------+--------+--------+-----+--------+
         Total |   2451 |   2344 |    107 |      0 |   1688 |   6 |  408.5 |
       Dungeon |   2451 |   2344 |    107 |      0 |   1688 |   6 |  408.5 |
               +--------+--------+--------+--------+--------+-----+--------+

Top non-repeatable levels by time:
     D:1: 856 daAuts
     D:2: 729 daAuts
     D:3: 344 daAuts
     D:4: 276 daAuts
     D:6: 140 daAuts
     D:5: 104 daAuts
